[Event "Early-Titled-Tuesday-Blitz-September-12-2023"]
[Site "Chess.com"]
[Date "2023.09.12"]
[Round "7"]
[White "Ducke13"]
[Black "El_Matador12"]
[Result "1/2-1/2"]
[WhiteElo "2475"]
[BlackElo "2599"]
[TimeControl "180+1"]
[EndTime "9:19:25 PDT"]
[Termination "Game drawn - insufficient material"]

1. d4 Nf6 2. g3 e6 3. c4 Bb4+ 4. Nd2 O-O 5. Bg2 d5 6. Nf3 c6 7. O-O Nbd7 8. Qc2 b6 9. e4 dxe4 10. Nxe4 Nxe4 11. Qxe4 Bb7 12. Rd1 Be7 13. Bf4 Qc8 14.
Rac1 c5 15. d5 Re8 16. Bh3 exd5 17. cxd5 Qd8 18. Qc2 Nf6 19. Ng5 Bd6 20. Nxf7 Kxf7 21.
Be6+ Kf8 22. Bg5 Be5 23. Re1 Bd4 24. Qf5 Rxe6 25. dxe6 Qd5 26. e7+ Kf7 27. Qxd5+ Bxd5 28. Rcd1 Re8 29. Be3 Rxe7 30. Bxd4 Rxe1+ 31. Rxe1 cxd4 32. Rd1 Bxa2 33. Rxd4 Bd5 34. g4 h6 35. h4 Be6 36.
g5 hxg5 37. hxg5 Nd5 38. Kg2 a5 39. Kg3 Ke7 40. Re4 Kd6 41. Rh4 Ne7 42. Rh7 Ke5 43. f4+ Ke4 44. Rh8 Nf5+ 45. Kf2 Kxf4 46. Rb8 Kxg5 47.
Rxb6 Bd7 48. Ra6 a4 49. Ra7 Be8 50. Ra8 Bf7 51. Rxa4 Kf6 52. Ra7 g5 53. b4 Bc4 54.
Rc7 Nd6 55. Rc6 Ke6 56. Kg3 Kd7 57. Rc5 Ne4+ 58. Kg4 Nxc5 59. bxc5 Kc6 60. Kxg5 Kxc5 1/2-1/2

[Event "Early-Titled-Tuesday-Blitz-September-12-2023"]
[Site "Chess.com"]
[Date "2023.09.12"]
[Round "7"]
[White "CristianS27"]
[Black "ChessQueen"]
[Result "1/2-1/2"]
[WhiteElo "2518"]
[BlackElo "2715"]
[TimeControl "180+1"]
[EndTime "9:19:28 PDT"]
[Termination "Game drawn by repetition"]

1. e4 c6 2. d4 d5 3. exd5 cxd5 4. c4 Nf6 5. Nc3 Nc6 6. Bg5 Be6 7. Be2 Qa5 8. c5 Ne4 9. Bd2 Nxd2 10. Qxd2 g6 11. Nf3 Bg7 12. Bb5 O-O 13. O-O Qc7 14. h3 Rad8 15.
Rfe1 Bf5 16. Ba4 a6 17. Bxc6 bxc6 18. Qe2 Qb7 19. Na4 Rfe8 20. Nb6 f6 21. Nh4 Bc8 22.
Nxc8 Qxc8 23. Qe6+ Qxe6 24. Rxe6 Rc8 25. Rae1 Kf7 26. Nf3 Rc7 27. g4 Rb8 28. b3 Bf8 29. Kg2 a5 30. R1e3 a4 31. h4 Rb4 32. h5 a3 33. hxg6+ hxg6 34. g5 Rxb3 35. Rxe7+ Bxe7 36. Rxb3 fxg5 37. Ne5+ Ke6 38. Rxa3 Bf6 39. Re3 Bxe5 40.
Rxe5+ Kf6 41. Re8 Ra7 42. Rd8 Ra6 43. Kf3 Ra3+ 44. Kg2 Kf5 45. Rd6 Ra6 46. Kg3 Ra3+ 47. f3 g4 48. Rxc6 Rxf3+ 49. Kg2 Ra3 50. Rd6 Rxa2+ 51.
Kg3 Ra3+ 52. Kg2 Ke4 53. Rxg6 Kxd4 54. c6 Rc3 55. Rxg4+ Ke5 56. Rg6 d4 57. Kf2 Rc2+ 58. Ke1 Ke4 59. Re6+ Kd3 60. Kd1 Ra2 61. Kc1 Ra1+ 62.
Kb2 Ra8 63. c7 Rc8 64. Rc6 Kd2 65. Kb3 d3 66. Kc4 Kc2 67. Kd5+ Kd1 68. Ke6 d2 69.
Kd7 Rxc7+ 70. Kxc7 Ke1 71. Re6+ Kf2 72. Rf6+ Ke2 73. Re6+ Kf2 74. Rf6+ Ke2 75. Re6+ Kf2 1/2-1/2

[Event "Early-Titled-Tuesday-Blitz-September-12-2023"]
[Site "Chess.com"]
[Date "2023.09.12"]
[Round "7"]
[White "HATilay"]
[Black "Hasangatin_Ramil"]
[Result "0-1"]
[WhiteElo "2556"]
[BlackElo "2736"]
[TimeControl "180+1"]
[EndTime "9:19:30 PDT"]
[Termination "Hasangatin_Ramil won by resignation"]

1. e4 d5 2. exd5 Qxd5 3. Nc3 Qd6 4. d4 Nf6 5. Nf3 c6 6. h3 g6 7. Bc4 Bg7 8. O-O Be6 9. Bxe6 Qxe6 10. Bf4 O-O 11. Re1 Qd7 12. Ne5 Qd8 13. Qd2 Nbd7 14. Rad1 Nd5 15. Ne4 Nxf4 16. Qxf4 Nf6 17. Nc5 Rb8 18.
c4 Qd6 19. Qf3 e6 20. a3 b6 21. Na6 Rbc8 22. c5 Qd5 23. Nb4 Qxf3 24. gxf3 bxc5 25.
dxc5 Rc7 26. Nbxc6 Rfc8 27. b4 Rxc6 28. Nxc6 Rxc6 29.
Rd8+ Bf8 30. Rc1 Kg7 31. Ra8 a6 32. Rb8 Nd5 33. Kf1 Be7 34. Rc2 Bf6 35. Ke2 Be5 36.
Rb7 h5 37. Kd3 Nf4+ 38. Kc4 Nxh3 39. a4 Nf4 40. b5 axb5+ 41. axb5 Rc8 42. c6 Nd5 43.
Kc5 Bf6 44. Rc1 Be7+ 45. Rxe7 Nxe7 46. Kd6 Nd5 47. c7 h4 48. Kd7 Rxc7+ 49. Rxc7 Nxc7 50. b6 h3 51. bxc7 h2 52. c8=Q h1=Q 53. Qc3+ Kg8 54. Ke8 Qh6 55. Qf6 Qf8+ 56. Kd7 Qg7 57. Qd8+ Kh7 58.
Qh4+ Qh6 59. Qf6 Qf8 60. Qh4+ Kg7 61. Qd4+ Kg8 62. Qf6 Qa8 63. Ke7 Qb7+ 64. Kd6 Qd5+ 65. Ke7 Qc5+ 66. Kd7 Qf5 67. Qd8+ Kg7 68. Qa8 Qd5+ 69.
Qxd5 exd5 0-1

[Event "Early-Titled-Tuesday-Blitz-September-12-2023"]
[Site "Chess.com"]
[Date "2023.09.12"]
[Round "7"]
[White "DopplerCharlotteDeWitte"]
[Black "BlueWizzard"]
[Result "1-0"]
[WhiteElo "2693"]
[BlackElo "2947"]
[TimeControl "180+1"]
[EndTime "9:19:31 PDT"]
[Termination "DopplerCharlotteDeWitte won on time"]

1. e4 g6 2. d4 d5 3. e5 c5 4. c3 Nc6 5. Nf3 Bg4 6. Bb5 Qa5 7. Bxc6+ bxc6 8. O-O e6 9. Nbd2 cxd4 10. cxd4 Nh6 11. h3 Bxf3 12. Nxf3 Nf5 13. Bg5 Be7 14. Bxe7 Nxe7 15.
Qc1 h6 16. Qf4 Nf5 17. g4 g5 18. Qc1 Ne7 19. Qe3 Rb8 20. b3 Qa3 21. Rfc1 a5 22.
Rc5 a4 23. bxa4 Qxa4 24. Qc3 Kf8 25. Ra5 Qc4 26. Qxc4 dxc4 27. Rc5 Ra8 28. Rxc4 Ra3 29. Nd2 Rxh3 30. a4 h5 31. Nf1 hxg4 32. Ng3 Nf5 33.
Rcc1 Nxg3 34. fxg3 Rxg3+ 35. Kf2 Rd3 36. Kg2 Rd2+ 37.
Kg3 Rhh2 38. Rg1 Rhe2 39. a5 Rxd4 40. a6 Re3+ 41. Kf2 Rf3+ 42. Ke2 Re4+ 43. Kd2 Rd4+ 44. Ke2 Rd8 45. a7 Ra8 46. Rgb1 Kg7 47. Rb8 Rxa7 48. Rxa7 Rc3 49. Rbb7 Rf3 50. Rb4 Rf5 51. Rxg4 Rxe5+ 52. Kf3 Kg6 53. Rc4 c5 54. Rc7 Rf5+ 55. Kg3 Rd5 56. R7xc5 Rd3+ 57. Kg2 Rd2+ 58. Kf3 Rd3+ 59. Ke2 Rg3 60.
Kf2 Rh3 61. Rc8 Rh2+ 62. Kg3 Rd2 63. R4c5 Rd3+ 64. Kf2 Rd2+ 65. Ke3 Rd1 66. Rg8+ Kf6 67. Rgxg5 Rf1 68. Rg2 Ke7 69. Rf2 Re1+ 70. Kd2 Ra1 71. Rc7+ Ke8 72. Rcxf7 Ra2+ 73. Ke3 1-0

[Event "Early-Titled-Tuesday-Blitz-September-12-2023"]
[Site "Chess.com"]
[Date "2023.09.12"]
[Round "7"]
[White "KorolDimitriy75"]
[Black "FARIZA2018"]
[Result "1-0"]
[WhiteElo "2386"]
[BlackElo "2514"]
[TimeControl "180+1"]
[EndTime "9:19:33 PDT"]
[Termination "KorolDimitriy75 won by resignation"]

1. d4 Nf6 2. c4 e6 3. Nc3 d5 4. Bg5 Be7 5. cxd5 exd5 6. e3 O-O 7.
Bd3 h6 8. Bh4 c6 9. Qc2 Re8 10.
Nge2 a5 11. f3 Na6 12. a3 b5 13. O-O Nc7 14. Bf2 Ba6 15. h3 b4 16. axb4 axb4 17. Na4 Bxd3 18. Qxd3 Ne6 19. b3 c5 20. dxc5 Nxc5 21. Nxc5 Bxc5 22. Nd4 Rxa1 23. Rxa1 Qb6 24. Rd1 Ra8 25. g4 Ra2 26. h4 Rb2 27. Nf5 Qe6 28. g5 hxg5 29. hxg5 Nh7 30. Qxd5 Qxd5 31. Rxd5 Bb6 32.
Rb5 Bc7 33. Rb7 Rc2 34. f4 g6 35. Nh6+ Kg7 36. Rxb4 Nf8 37. Rb7 Ne6 38. b4 Rb2 39. b5 Kf8 40. Ng4 Rc2 41. Nf6 Bd8 42. Rb8 Ke7 43.
Nd5+ Kd6 44. e4 Rc1+ 45. Kg2 Bc7 46. Rb7 Ba5 47. Rxf7 Rc2 48. Kf3 Nc5 49. Rf6+ Kd7 50. Rc6 Rc1 51. Rxc5 Rh1 52. Rc6 Rh3+ 53. Kg4 Rb3 54.
Rxg6 Rxb5 55. Kf5 Rb3 56. Bd4 Rf3 57. Be5 Bd2 58. Rg7+ Ke8 59. g6 Rg3 60. Rg8+ Kd7 61. g7 Kc6 62. Rc8+ 1-0

[Event "Early-Titled-Tuesday-Blitz-September-12-2023"]
[Site "Chess.com"]
[Date "2023.09.12"]
[Round "7"]
[White "Rsnr"]
[Black "Egor_Koshulyan"]
[Result "1-0"]
[WhiteElo "2920"]
[BlackElo "2736"]
[TimeControl "180+1"]
[EndTime "9:19:37 PDT"]
[Termination "Rsnr won by checkmate"]

1. d4 d5 2. c4 e6 3. Nc3 Nf6 4. Bg5 Be7 5. e3 c6 6. Nf3 h6 7. Bh4 Nbd7 8. Qc2 Ne4 9. Bxe7 Qxe7 10. Bd3 f5 11. O-O O-O 12. a3 Ndf6 13. Ne5 Qe8 14. f3 Nxc3 15. bxc3 Bd7 16. Rab1 b6 17. a4 c5 18. a5 cxd4 19. cxd4 dxc4 20.
Bxc4 bxa5 21. Qxf5 Nd5 22. Qd3 Nb4 23. Qb3 Ba4 24.
Qa3 Nc2 25. Qc3 Nb4 26. Ra1 Rc8 27. Qa3 Bb5 28. Bxb5 Qxb5 29. Qxa5 Qxa5 30. Rxa5 Nc2 31. Kf2 Rc3 32. Rc5 Rc8 33. Rxc8+ Rxc8 34. Rc1 Rc3 35. Nd3 Rxd3 36. Rxc2 a5 37. Ra2 e5 38. dxe5 Rd5 39.
f4 Kf7 40. Kf3 Ke6 41. Ke4 Rb5 42. f5+ Ke7 43. Kf4 Rb4+ 44. e4 a4 45. g4 Rc4 46.
h4 Rb4 47. g5 hxg5+ 48. hxg5 Rc4 49. e6 Rb4 50. Ke5 Rb5+ 51. Kd4 Rb4+ 52. Kd5 Rb5+ 53.
Kc4 Re5 54. Kd4 Ra5 55. g6 a3 56. Kc3 Kf6 57. Kb3 Re5 58. Re2 Ra5 59. Ka2 Ra7 60. Re3 Ra4 61. e5+ Ke7 62. Rxa3 Re4 63. Ra7+ Ke8 64. Rxg7 Re2+ 65. Kb3 Rxe5 66. Rf7 Re3+ 67. Kc4 Re4+ 68. Kd5 Rg4 69. g7 Rg1 70. Rf8+ Ke7 71. Rf7+ Ke8 72. Ra7 Rd1+ 73. Ke5 Re1+ 74. Kf6 Rg1 75.
Ra8# 1-0

[Event "Early-Titled-Tuesday-Blitz-September-12-2023"]
[Site "Chess.com"]
[Date "2023.09.12"]
[Round "7"]
[White "Polish_fighter3000"]
[Black "lachesisQ"]
[Result "1-0"]
[WhiteElo "3082"]
[BlackElo "3077"]
[TimeControl "180+1"]
[EndTime "9:19:38 PDT"]
[Termination "Polish_fighter3000 won by resignation"]

1. d4 Nf6 2. c4 e6 3. Nf3 d5 4. Nc3 Be7 5. Bg5 h6 6. Bxf6 Bxf6 7. e3 O-O 8. Rc1 c6 9. Bd3 Nd7 10. O-O g6 11. e4 dxc4 12. Bxc4 Bg7 13. Qe2 b5 14.
Bd3 Bb7 15. Rfd1 a6 16. e5 c5 17. Be4 Qb6 18. Bxb7 Qxb7 19. dxc5 Nxc5 20. Nxb5 axb5 21.
Rxc5 Rxa2 22. Rxb5 Qa6 23. Qd3 Rc8 24. h4 Ra1 25. Rxa1 Qxa1+ 26. Kh2 Qa7 27. Kg3 Bf8 28. Qd2 h5 29. Rb3 Qa4 30. Rc3 Rb8 31. Kh2 Bb4 32. Qf4 Qa7 33. Rc2 Be7 34. g3 Kg7 35. Ng5 Bxg5 36.
Qxg5 Kg8 37. Qf6 Qb7 38. Rd2 Qc7 39. b4 Qb6 40. Rd7 Rf8 41. Qf4 Qc6 42. Re7 Qb6 43. Rd7 Qc6 44. Rd6 Qb5 45. Rd4 Rc8 46. Qf6 Qb6 47.
Rf4 Rf8 48. Qe7 Qb5 49. Qc5 Rb8 50. Qxb5 Rxb5 51. Re4 Kf8 52. Kg2 Ke7 53. Kf3 Rd5 54. Kf4 Rd2 55. f3 Rb2 56. Rc4 Rb3 57. Rc7+ Kf8 58.
Rb7 Kg7 59. g4 hxg4 60. fxg4 Rb1 61. b5 Rb4+ 62. Kf3 Rb3+ 63. Kf2 Rb4 64. g5 Re4 65. b6 Rxe5 66. Rc7 Rb5 67. b7 Rb4 68. Ke3 e5 69.
Kd3 e4+ 70. Ke3 Rb1 71. Kxe4 Rb5 72. Kd4 Rb1 73. Kd5 Rd1+ 74. Kc6 Rc1+ 75. Kd7 1-0

[Event "Early-Titled-Tuesday-Blitz-September-12-2023"]
[Site "Chess.com"]
[Date "2023.09.12"]
[Round "7"]
[White "vladoboch"]
[Black "Ishowmoves57"]
[Result "1-0"]
[WhiteElo "2419"]
[BlackElo "2120"]
[TimeControl "180+1"]
[EndTime "9:19:38 PDT"]
[Termination "vladoboch won by checkmate"]

1. e4 c5 2. Nf3 Nc6 3. d4 cxd4 4.
Nxd4 e5 5. Nb5 d6 6. c4 a6 7.
N5c3 Nf6 8. Be2 Be6 9. Nd2 Be7 10. Nf3 h6 11. O-O O-O 12. h3 Nd7 13. Be3 f5 14.
exf5 Bxf5 15. Bd3 Bxd3 16. Qxd3 Nc5 17. Bxc5 dxc5 18. Qd5+ Qxd5 19. cxd5 Nd4 20. Nxe5 Rad8 21. Ng6 Rf7 22. Nxe7+ Rxe7 23. Rfe1 Red7 24. Re4 Nc2 25. Rc1 Nb4 26. a3 Nxd5 27. Na4 b6 28. Re6 Rb8 29. Rd1 Nf6 30. Rxd7 Nxd7 31. Rd6 Rb7 32. f4 Kf7 33. Nc3 Nf6 34. g4 Ke7 35. Rd2 Rd7 36. Rxd7+ Kxd7 37. Kf2 Kd6 38. Kg3 b5 39. g5 Nd5 40.
Ne4+ Kc6 41. gxh6 gxh6 42. f5 Ne7 43. f6 Ng6 44. Kg4 Kd5 45. Kf5 Nh4+ 46. Kg4 Ng6 47. Nf2 Ke6 48. Kh5 Kxf6 49. Ne4+ Kg7 50. Nxc5 Nf4+ 51.
Kg4 Ne2 52. Nxa6 Nd4 53. Nc7 Kg6 54. h4 h5+ 55. Kf4 Kf6 56. Ke4 Nf5 57. Nxb5 Nxh4 58. a4 Nf5 59. a5 Ne7 60. a6 Nc6 61. a7 Nxa7 62. Nxa7 Ke6 63. b4 Kd6 64. Nb5+ Kc6 65. Nc3 h4 66. Kf4 Kd6 67. Kg4 Ke5 68. Kxh4 Kd4 69.
b5 Kc5 70. Kg4 Kb6 71. Kf5 Kc7 72. Ke6 Kb6 73. Kd6 Kb7 74. Nd5 Ka7 75. b6+ Kb8 76.
Kc6 Kc8 77. b7+ Kb8 78. Nb6 Ka7 79. Kc7 Ka6 80. b8=Q Ka5 81. Nc4+ Ka4 82. Nd6 Ka3 83. Qb5 Ka2 84. Nc4 Ka1 85. Qb2# 1-0

[Event "Early-Titled-Tuesday-Blitz-September-12-2023"]
[Site "Chess.com"]
[Date "2023.09.12"]
[Round "7"]
[White "Itk04"]
[Black "shimastream"]
[Result "0-1"]
[WhiteElo "2760"]
[BlackElo "2954"]
[TimeControl "180+1"]
[EndTime "9:19:42 PDT"]
[Termination "shimastream won by resignation"]

1. d4 d5 2. c4 e6 3. Nf3 Nf6 4.
g3 dxc4 5. Bd2 c5 6. Bc3 Nc6 7. Bg2 Nd5 8. O-O Be7 9. dxc5 O-O 10. Qa4 Bxc5 11. Qxc4 Qe7 12. a3 a6 13. b4 Ba7 14.
Bb2 Bd7 15. Nc3 Nf6 16. Ne4 Nxe4 17. Qxe4 Rfd8 18. Rfd1 Be8 19. e3 Rac8 20. h4 h6 21.
Qg4 f6 22. Rac1 Bf7 23. Qe4 e5 24. Bh3 Rxd1+ 25. Rxd1 Rd8 26. Qc2 Bb6 27. Bf5 Na7 28. Kg2 Nb5 29. Rxd8+ Qxd8 30. Qc8 Qxc8 31. Bxc8 Bd5 32.
g4 Bc7 33. Bf5 Nd6 34. Bc2 Nc4 35. Bc1 b5 36. e4 Be6 37. Kg3 Bb6 38. Nd2 Nd6 39.
Nb3 Kf7 40. Nc5 Bxc5 41. bxc5 Nc4 42. Bd3 Na5 43. Bc2 Ke7 44. f4 Kd7 45. fxe5 fxe5 46. g5 hxg5 47. hxg5 g6 48. Bd3 Kc6 49. Bb2 Bc4 50.
Bc2 Bb3 51. Bd3 Bc4 52. Bc2 Kxc5 53. Bxe5 Bf7 54. Bc3 Nc4 55. Bb4+ Kd4 56. Kf4 a5 57. Bf8 Kc3 58. Bd1 Kb2 59. e5 Nxa3 60.
Bg4 Nc4 61. e6 Be8 62. e7 a4 63. Bg7+ Kb1 64. Bf3 a3 65. Be4+ Kc1 66. Bd5 Nd2 67.
Ke3 b4 68. Kd3 b3 69. Bxb3 Nxb3 70. Kc3 Nc5 71. Kb4 Ne6 72. Kxa3 Nxg7 73. Kb4 Ne6 74. Kc4 Nxg5 75. Kd5 Nh7 76. Ke4 0-1

[Event "Early-Titled-Tuesday-Blitz-September-12-2023"]
[Site "Chess.com"]
[Date "2023.09.12"]
[Round "7"]
[White "Journey_to_GrandMaster_YT"]
[Black "sjoerd893"]
[Result "1/2-1/2"]
[WhiteElo "2607"]
[BlackElo "2481"]
[TimeControl "180+1"]
[EndTime "9:19:43 PDT"]
[Termination "Game drawn - insufficient material"]

1. d4 d5 2. Nf3 Nf6 3. c4 c6 4. Nc3 e6 5. Bg5 h6 6. Bh4 dxc4 7. a4 g5 8. Bg3 Bb4 9. Qc2 Nbd7 10. h4 g4 11. Ne5 Nxe5 12. Bxe5 Rg8 13. e3 b5 14. Be2 Bb7 15. O-O a6 16. b3 Bxc3 17. Qxc3 Ne4 18. Qc2 c5 19. g3 cxd4 20. exd4 cxb3 21.
Qxb3 Nd2 22. Bxb5+ axb5 23. Qxb5+ Qd7 24. Qxd7+ Kxd7 25.
Rfd1 Nf3+ 26. Kf1 Bd5 27. a5 Rgc8 28. Bf4 Rc2 29. Bxh6 Rb2 30. Be3 Rc8 31. a6 Ra8 32. Ra3 Rxa6 33. Rxa6 Bc4+ 34. Kg2 Bxa6 35. Rc1 Bb7 36.
Kf1 Bd5 37. Bf4 Be4 38. h5 Rb1 39. Rxb1 Bxb1 40. h6 Kc6 41. Ke2 Kd5 42. Ke3 Nxd4 43. Bg5 Nf3 44. Bf6 Bg6 45. Kf4 Nh2 46. Kg5 Kd6 47. Kf4 Kd7 48. Ke5 Ke8 49. Kf4 Kf8 50. Ke5 Kg8 51. Kf4 Kh7 52. Kg5 Bf5 53.
Bg7 Nf3+ 54. Kf6 Nd2 55. Kxf7 Ne4 56. Bd4 Kxh6 57. Ke7 Kg6 58. Be3 Ng5 59. Kd6 Nf7+ 60. Ke7 Nh6 61. Kd6 Ng8 62. Ke5 Nf6 63. Kf4 Nd5+ 64. Ke5 Nxe3 65. fxe3 Kg5 66. e4 Kg6 67. exf5+ exf5 68. Ke6 f4 69. gxf4 g3 70. f5+ Kh5 71. f6 g2 72. f7 g1=Q 73. f8=Q Qe3+ 74. Kd7 Qd4+ 75. Ke8 Qe5+ 76. Qe7 Qxe7+ 77. Kxe7 1/2-1/2

[Event "Early-Titled-Tuesday-Blitz-September-12-2023"]
[Site "Chess.com"]
[Date "2023.09.12"]
[Round "7"]
[White "Boxerandchessplayer"]
[Black "tactic"]
[Result "1-0"]
[WhiteElo "2114"]
[BlackElo "2586"]
[TimeControl "180+1"]
[EndTime "9:19:43 PDT"]
[Termination "Boxerandchessplayer won on time"]

1. d4 Nf6 2. Nf3 d6 3. Nbd2 Bf5 4. e3 g6 5. Bd3 Bxd3 6. cxd3 Bg7 7. O-O O-O 8. b3 Nc6 9. Ba3 Re8 10. Rc1 e5 11. Bb2 Qd7 12. Nc4 exd4 13. Nxd4 Ne5 14. Nxe5 dxe5 15.
Nf3 Nd5 16. a3 Rad8 17. Qc2 c6 18. Rfd1 Qc7 19. b4 Qb6 20. Qc5 Qa6 21. Qc4 Qa4 22.
Qc2 Nb6 23. h3 Rd5 24. Qxa4 Nxa4 25. Ba1 Red8 26. d4 exd4 27. Bxd4 f6 28. Re1 Kf7 29. Kf1 Nb6 30. Ke2 f5 31. Bxg7 Kxg7 32. Nd4 Kf6 33. Red1 Re8 34. Kf3 Rde5 35. Nb3 g5 36. Nc5 R8e7 37. Rd6+ Kf7 38. a4 Nd5 39. b5 cxb5 40. axb5 Nc7 41. b6 Nb5 42. Rd7 Rxd7 43. Nxd7 axb6 44. Nxe5+ Ke6 45. Nd3 Nd6 46. Rb1 b5 47.
Ke2 Kd5 48. Nb4+ Kc4 49. f3 Nf7 50. Nc2 Ne5 51. Nd4 b4 52. Rc1+ Kd5 53. Rb1 Kc4 54.
Rc1+ Kd5 55. Rd1 Kc4 56. Nxf5 b3 57. Nd4 Kc3 58. Rc1+ Kb2 59. Rc7 b5 60. Nxb5 Ka1 61. Nd4 b2 62. Ra7+ Kb1 63. Rb7 Nc4 64. Kd3 Na3 65. Ne2 Ka2 66. Nc3+ Ka1 67. e4 h5 68. e5 g4 69. e6 1-0

[Event "Early-Titled-Tuesday-Blitz-September-12-2023"]
[Site "Chess.com"]
[Date "2023.09.12"]
[Round "7"]
[White "KatakuriDono"]
[Black "surrenderPLS"]
[Result "1-0"]
[WhiteElo "2340"]
[BlackElo "2476"]
[TimeControl "180+1"]
[EndTime "9:19:45 PDT"]
[Termination "KatakuriDono won by checkmate"]

1. d4 Nf6 2. c4 g6 3. Nc3 Bg7 4. e4 d6 5. Nge2 O-O 6. Ng3 c5 7. d5 e6 8. Be2 exd5 9. exd5 Re8 10.
O-O Nbd7 11. Bf4 Ne5 12. h3 a6 13. a4 Rb8 14. Re1 Bd7 15. Bf1 h6 16. Nge4 Nxe4 17.
Nxe4 Bf5 18. Ng3 Bd7 19. Qd2 Kh7 20. Ne4 Bf5 21. Ng3 Bd7 22. Ne4 Qc7 23. Rab1 b5 24. axb5 axb5 25. cxb5 Bxb5 26. Bxb5 Rxb5 27. b4 Rxb4 28.
Rxb4 cxb4 29. Bxe5 Rxe5 30. Qxb4 Rxd5 31. g3 Rd4 32.
Qb5 d5 33. Nc5 Rc4 34. Nd3 Qc6 35. Qb8 Re4 36. Rb1 Qc2 37. Qb5 Rd4 38. Nf4 Rd2 39. Rf1 Bd4 40. Qd7 Bxf2+ 41. Kh1 Qe4+ 42. Ng2 Qe6 43. Qxe6 fxe6 44. Nf4 Bxg3 45. Nxe6 Rf2 46. Rb1 Rf7 47. Rd1 Rd7 48. Nf8+ Kg7 49. Nxd7 h5 50. Rxd5 Kh6 51. Kg2 Bf4 52. Nf6 Kg7 53. Ne4 Kh6 54. Kf3 Bb8 55. h4 Kg7 56. Ng5 Bh2 57. Rd7+ Kg8 58.
Ke4 Kf8 59. Kd5 Ke8 60. Ke6 Bg3 61. Rg7 Kd8 62. Rxg6 Bxh4 63. Nf7+ Kc7 64. Rh6 Be1 65. Rxh5 Kb6 66. Kd5 Kc7 67. Rh1 Bg3 68. Ne5 Kb6 69.
Rc1 Bf4 70. Rc2 Bg3 71. Nd7+ Kb5 72. Rb2+ Ka4 73. Rb1 Ka3 74. Kc4 Ka2 75. Rb7 Bd6 76.
Nc5 Be5 77. Nd3 Bf6 78. Nc1+ Ka3 79. Rb3+ Ka4 80. Rb6 Ka3 81. Rxf6 Kb2 82. Nd3+ Kc2 83. Rf2+ Kd1 84. Nc5 Ke1 85. Ra2 Kd1 86. Kc3 Ke1 87. Kd3 Kf1 88. Ke3 Kg1 89. Kf3 Kh1 90. Kg3 Kg1 91.
Ra1# 1-0

[Event "Early-Titled-Tuesday-Blitz-September-12-2023"]
[Site "Chess.com"]
[Date "2023.09.12"]
[Round "7"]
[White "lamomiajunior"]
[Black "kleopl"]
[Result "0-1"]
[WhiteElo "2692"]
[BlackElo "2526"]
[TimeControl "180+1"]
[EndTime "9:19:50 PDT"]
[Termination "kleopl won by resignation"]

1. d4 Nf6 2. Nc3 d5 3. Bf4 a6 4. e3 Bf5 5. Bd3 e6 6. Nge2 Bxd3 7. cxd3 Bd6 8. Qb3 b6 9. O-O O-O 10. Bxd6 Qxd6 11. e4 Qe7 12. Rfe1 Qd7 13. Rad1 Nc6 14. a3 Rfd8 15. h3 Rac8 16. e5 Ne8 17. f4 Na5 18. Qc2 c5 19. Qd2 Nb3 20. Qe3 g6 21.
Qf2 Nc7 22. dxc5 bxc5 23. d4 Nb5 24. dxc5 Nxc5 25. Nxb5 Qxb5 26. Nd4 Qb7 27. b4 Ne4 28. Qh4 Re8 29. Nf3 Qe7 30. Ng5 Nxg5 31. fxg5 Rc4 32.
Qg3 Rec8 33. Rf1 Rc3 34. Qg4 Rxa3 35. Rf6 Rc4 36. Qe2 Rxb4 37. Rdf1 Rb7 38. Qc2 Rc7 39. Qb2 Qc5+ 40. Kh1 Rc3 41. Qb8+ Rc8 42. Qb7 Qc7 43. Qxa6 Rc1 44. Kh2 Rxf1 45. Rxf1 Qxe5+ 46. Kh1 Rf8 47. h4 Qe4 48. Rf3 Qxh4+ 49. Kg1 Qxg5 50. Qb7 h5 51.
Kh2 Qe5+ 52. Kg1 Kg7 53. Kf2 Qd4+ 54. Kf1 Qe5 55. Kf2 d4 56. Qd7 Qd5 57. Qe7 Qe5 58.
Qd7 Qe4 59. Qe7 Qc2+ 60. Kg3 d3 61. Qf6+ Kg8 62. Qd4 d2 63. Rd3 Qc7+ 64. Kf2 Rc8 65. Rxd2 Qc5 66. Qxc5 Rxc5 67. Kf3 Rf5+ 68. Kg3 Kg7 69. Kh3 g5 70. g3 Ra5 71. Kg2 Ra3 72. Re2 Kg6 73. Rf2 h4 74. g4 Rg3+ 75. Kh2 Rxg4 76.
Rf3 Rf4 77. Re3 Rf2+ 78. Kh3 Rf5 79. Kg4 Rf4+ 80. Kh3 Ra4 81. Re5 Ra6 82. Kg4 f6 83. Kh3 fxe5 0-1

[Event "Early-Titled-Tuesday-Blitz-September-12-2023"]
[Site "Chess.com"]
[Date "2023.09.12"]
[Round "7"]
[White "vladislavkovalev"]
[Black "Firouzja2003"]
[Result "0-1"]
[WhiteElo "2894"]
[BlackElo "3067"]
[TimeControl "180+1"]
[EndTime "9:19:52 PDT"]
[Termination "Firouzja2003 won by checkmate"]

1. e4 c6 2. Nf3 d5 3. d3 Qc7 4.
Nc3 dxe4 5. dxe4 e5 6. Bc4 b5 7. Bb3 h6 8. O-O Nf6 9. a4 b4 10. Ne2 Nbd7 11. Ng3 Nc5 12. Bc4 a5 13. b3 Bd6 14.
Qe2 O-O 15. Bb2 Ne6 16. Rad1 Rd8 17. Rxd6 Qxd6 18. Bxe5 Qc5 19. Nf5 Ne8 20. Bb2 Nf4 21. Qe3 Qxe3 22. fxe3 Bxf5 23. exf5 Nd5 24. Re1 Nd6 25.
Bd3 Nc3 26. Nd4 c5 27. Bxc3 bxc3 28. Nb5 Nxb5 29. axb5 a4 30. bxa4 Rxa4 31. Rb1 Rb4 32. Rc1 c4 33. Be2 Rxb5 34. Bxc4 Rxf5 35. Bd3 Ra5 36. Rb1 Ra2 37. Kf1 Rb2 38. Rc1 Rdb8 39. Ke2 Rb1 40. Rxb1 Rxb1 41. Be4 Kf8 42. Kd3 Re1 43.
Bf3 Ke7 44. e4 Kd6 45. Kxc3 Ke5 46. Kd2 Ra1 47. Ke3 Ra3+ 48. Kd2 Kd4 49. e5 Kxe5 50. h3 Kd4 51. Bh5 g6 52. Bf3 f5 53. Ke2 g5 54. Kd2 Ke5 55. c3 Kf4 56. Kd3 Kg3 57. Kd4 h5 58. c4 g4 59. hxg4 fxg4 60. Bd5 Ra4 61. Ke5 Ra5 62. Kd6 h4 63. c5 h3 64.
gxh3 gxh3 65. Be4 Ra4 66. Bh1 Ra1 67. Be4 Re1 68. Bb7 Kf4 69. c6 Rd1+ 70. Ke6 Rc1 71. Kd6 Rd1+ 72. Kc5 Ke5 73. c7 Rc1+ 74. Kb6 h2 75. Bc6 Rxc6+ 76. Kxc6 h1=Q+ 77. Kd7 Qd5+ 78. Ke7 Qb7 79. Kd7 Kd5 80. Kd8 Kd6 81. c8=N+ Ke6 82. Ke8 Qxc8# 0-1

[Event "Early-Titled-Tuesday-Blitz-September-12-2023"]
[Site "Chess.com"]
[Date "2023.09.12"]
[Round "7"]
[White "wqws"]
[Black "jaskol95"]
[Result "1/2-1/2"]
[WhiteElo "2684"]
[BlackElo "2550"]
[TimeControl "180+1"]
[EndTime "9:19:56 PDT"]
[Termination "Game drawn by repetition"]

1. e4 c5 2. Nf3 e6 3. d4 cxd4 4. Nxd4 Nc6 5. Nc3 Qc7 6. Be3 a6 7. a3 b5 8. Nxc6 Qxc6 9. Be2 Bb7 10. O-O Nf6 11. f3 Bc5 12. Qd2 d5 13. exd5 Bxe3+ 14. Qxe3 Nxd5 15. Nxd5 Qxd5 16. Rad1 Qc6 17. c3 O-O 18.
Bd3 Rad8 19. Rf2 Qc7 20. Rfd2 g6 21. Bf1 Bd5 22. Rd4 Rd7 23. Qh6 Rfd8 24. Rh4 f6 25. Rhd4 Bc4 26. Bxc4 bxc4 27. Qe3 e5 28. Rxd7 Rxd7 29. Rxd7 Qxd7 30. h3 Kg7 31. Qc5 Qd1+ 32. Kh2 Qd2 33. Qe7+ Kh6 34. Qxf6 Qxb2 35. h4 Qxa3 36.
Qg5+ Kg7 37. Qxe5+ Kf7 38. Qd5+ Kf6 39. Qxc4 a5 40.
Qd4+ Kf7 41. Qd7+ Kf6 42. c4 a4 43. Qd4+ Ke7 44. c5 Qb3 45. Qd6+ Kf7 46. c6 Qe6 47. Qf4+ Kg7 48. Qxa4 Qe5+ 49. Kh3 Qe6+ 50. Kg3 Qe5+ 51. Kf2 Qc5+ 52. Kg3 Qe5+ 53. Qf4 Qe1+ 54. Kh3 Qe6+ 55.
Kg3 Qxc6 56. Qe5+ Kf7 57. Qh8 Qc7+ 58. Kh3 Qd7+ 59. g4 Ke6 60. Qg8+ Ke5 61. Qc4 Kf6 62. Qf4+ Kg7 63. Qe5+ Kf7 64. Kg3 Qd1 65. Qc7+ Kf6 66. g5+ Ke6 67. Qc6+ Ke7 68. Qc7+ Ke6 69. Qc4+ Ke7 70.
Qe4+ Kf7 71. Qb7+ Ke6 72. Qc6+ Kf7 73. Qc7+ Ke6 1/2-1/2

[Event "Early-Titled-Tuesday-Blitz-September-12-2023"]
[Site "Chess.com"]
[Date "2023.09.12"]
[Round "7"]
[White "MITerryble"]
[Black "enestnrvrd"]
[Result "1-0"]
[WhiteElo "2947"]
[BlackElo "2743"]
[TimeControl "180+1"]
[EndTime "9:19:57 PDT"]
[Termination "MITerryble won by resignation"]

1. d4 Nf6 2. Nf3 e6 3. c4 b6 4. g3 Bb7 5. Bg2 Bb4+ 6. Nbd2 O-O 7.
O-O Bxd2 8. Qxd2 d6 9. b3 Nbd7 10. Bb2 Qe7 11. Rfd1 Rfe8 12. Rac1 Rad8 13. Qc2 Be4 14.
Qc3 h6 15. Bf1 c5 16. Ne1 Bb7 17.
f3 cxd4 18. Qxd4 Nc5 19. e4 d5 20. cxd5 exd5 21. e5 Nfd7 22. f4 Ne6 23. Qe3 Ndc5 24. Nf3 Rc8 25. Bh3 Red8 26. f5 d4 27. Nxd4 Ng5 28. Bg2 Bxg2 29. Kxg2 Qb7+ 30. Nf3 Rxd1 31. Rxd1 Nce4 32. Rc1 Rd8 33. Rc2 Nc5 34. Rf2 Rd3 35.
Qe2 Nge4 36. b4 Nxf2 37. bxc5 Qd5 38. Qxf2 bxc5 39. Bc1 c4 40. Qe2 c3 41. Kf2 c2 42.
Ne1 Qd4+ 43. Kf1 Rd1 44. Qxc2 Qd5 45. Ke2 Rd4 46. Be3 Re4 47. Nf3 Qb5+ 48. Qd3 Rc4 49. Nd2 Rb4 50. Qxb5 Rxb5 51. Nc4 a5 52. Kd3 a4 53. Bd4 a3 54. Nxa3 Ra5 55. Bb2 Kf8 56. Kc4 Ra4+ 57. Kb3 Re4 58. Nc4 Re2 59. a4 Ke7 60. a5 Kd7 61. a6 Kc6 62. Kb4 Re4 63.
a7 Kb7 64. Kc5 Kxa7 65. Bd4 Kb7 66. Kb4 Kc6 67. Kc3 Kd5 68. Nb6+ Kc6 69. Kc4 Re1 70. Nd5 Rc1+ 71. Bc3 Rh1 72. e6 fxe6 73. fxe6 Kd6 74. e7 Kd7 75. Bb4 Rc1+ 76. Kd4 Rd1+ 77. Ke5 Rb1 78.
Nc7 Kxc7 79. e8=Q Rxb4 80. Qe7+ Kc6 81. Qxb4 1-0